 Dungeon Crawl Stone Soup version 0.23-b1-58-ge3fafae (webtiles) character file.

Game seed: 17190669745619316050

23932 Kairos the Cleaver (level 13, 0/68 HPs)
             Began as a Vine Stalker Fighter on Feb 4, 2019.
             Was a High Priest of Okawaru.
             Engulfed by a fire crab's flame (21 damage)
             ... on level 5 of the Lair of Beasts.
             The game lasted 00:28:22 (12440 turns).

Kairos the Cleaver (Vine Stalker Fighter)          Turns: 12440, Time: 00:28:23

Health: 0/68       AC:  4    Str: 23    XL:     13   Next: 9%
Magic:  0/15       EV: 15    Int:  8    God:    Okawaru [*****.]
Gold:   1099       SH: 12    Dex: 15    Spells: 12/12 levels left

rFire    . . .     SeeInvis .   a - +2 war axe
rCold    . . .     Gourm    .   c - +0 shield
rNeg     + . .     Faith    .   (no armour)
rPois    .         Spirit   +   v - +2 hat
rElec    .         Reflect  .   y - +0 cloak {+Inv}
rCorr    .         Harm     .   C - +0 pair of gloves
MR       +....                  (no boots)
Stlth    ++........             L - amulet of magic regeneration
HPRegen  1.01/turn              j - +3 ring of evasion
MPRegen  0.39/turn              O - ring of positive energy

@: no status effects
A: fangs 3, regeneration 2, magic shield, antimagic bite, no potion heal 3, rot
immunity
a: Heroism, Finesse, Renounce Religion, Evoke Invisibility


You were on level 5 of the Lair of Beasts.
You worshipped Okawaru.
Okawaru was extremely pleased with you.
You were hungry.

You visited 3 branches of the dungeon, and saw 14 of its levels.
You also visited: Sewer.

You collected 1099 gold pieces.

Inventory:

Hand Weapons
 a - a +2 war axe (weapon)
 r - a +3 whip of draining
 A - a +1 trident of venom
 E - a +5 hand axe
 M - a +2 morningstar of protection
Missiles
 q - 8 silver tomahawks (quivered)
Armour
 c - a +0 shield (worn)
 v - a +2 hat (worn)
 y - a +0 cloak of invisibility (worn)
 B - a +5 chain mail of magic resistance
 C - a +0 pair of gloves (worn)
 H - a +0 helmet of intelligence
 Q - a +1 plate armour of fire resistance
Jewellery
 j - a +3 ring of evasion (left hand)
 L - an amulet of magic regeneration (around neck)
 O - a ring of positive energy (right hand)
Wands
 b - a wand of random effects (21)
 u - a wand of flame (29)
 w - a wand of disintegration (20)
 x - a wand of acid (25)
 N - a wand of digging (4)
Scrolls
 h - 2 scrolls of fog
 i - 8 scrolls of remove curse
 l - 6 scrolls of immolation
 m - 15 scrolls of teleportation
 D - a scroll of amnesia
 F - 6 scrolls of fear {unknown}
 J - a scroll of noise {unknown}
 K - a scroll of silence {unknown}
 P - 6 scrolls of identify
Potions
 d - 6 potions of might
 e - 7 potions of lignification
 g - 2 potions of haste
 k - 8 potions of heal wounds
 n - 2 potions of ambrosia
 o - 6 potions of curing
 p - a potion of invisibility
 s - 5 potions of flight {unknown}
 t - 2 potions of brilliance {unknown}
 z - 2 potions of degeneration {unknown}
 G - 2 potions of berserk rage {unknown}
 I - a potion of agility {unknown}
 R - a potion of magic {unknown}
Comestibles
 f - 31 rations


   Skills:
 + Level 8.3 Fighting
 + Level 12.1(12.5) Axes
 + Level 4.7(9.3) Maces & Flails
 + Level 7.7 Armour
 + Level 3.4 Dodging
 + Level 1.5 Stealth
 + Level 9.5 Shields
 + Level 1.7 Invocations
 + Level 0.9 Evocations


You had 12 spell levels left.
You didn't know any spells.
Your spell library contained the following spells:

 Spells                   Type           Power        Failure   Level  Hunger
 Animate Skeleton         Necr           N/A          65%         1    ##.....
 Apportation              Tloc           #.....       65%         1    ##.....
 Confusing Touch          Hex            #.....       65%         1    ##.....
 Corona                   Hex            #......      65%         1    ##.....
 Summon Small Mammal      Summ           #...         65%         1    ##.....
 Call Imp                 Summ           #.......     78%         2    ###....
 Ensorcelled Hibernation  Hex/Ice        #.....       78%         2    ###....
 Call Canine Familiar     Summ           #.......     95%         3    ####...
 Confuse                  Hex            #.......     95%         3    ####...
 Dazzling Spray           Conj/Hex       #.....       95%         3    ####...
 Gell's Gravitas          Tloc           #.........   95%         3    ####...
 Summon Guardian Golem    Hex/Summ       #.......     95%         3    ####...
 Tukima's Dance           Hex            #.......     95%         3    ####...
 Petrify                  Tmut/Erth      #.......     100%        4    #####..
 Summon Ice Beast         Ice/Summ       #.......     100%        4    #####..
 Summon Lightning Spire   Summ/Air       #.......     100%        4    #####..
 Metabolic Englaciation   Hex/Ice        #.........   100%        5    ######.
 Yara's Violent Unravell  Hex/Tmut       #.........   100%        5    ######.


Dungeon Overview and Level Annotations

Branches:
Dungeon (8/15)             Temple (1/1) D:6            Lair (5/6) D:8
  Swamp (0/4) Lair:4        Snake (0/4) Lair:3
  Slime: Lair:5-6

Altars:
Cheibriados
Dithmenos
Elyvilon
Gozag
Hepliaklqana
Kikubaaqudgha
Makhleb
Okawaru
Sif Muna
Trog
Uskayaw
Vehumet
Wu Jian
Yredelemnul
Zin
The Shining One

Shops:
D:5 *


Innate Abilities, Weirdness & Mutations

You have razor-sharp teeth.
You heal very quickly.
When hurt, damage is shared between your health and your magic reserves.
Your bite disrupts and absorbs the magic of your enemies.
Potions cannot restore your health.
You are immune to rotting.


Message History

You slash the fire crab! You bite the fire crab. You drain its power.
The fire crab is moderately wounded.
The fire crab breathes flames at you.
Keep equipping yourself?
The blast of flame engulfs you!
You start putting on your armour.
You continue putting on your +1 plate armour of fire resistance.
You are engulfed in blazing flames.
The fire crab closely misses you. You block the fire crab's attack.
You continue putting on your +1 plate armour of fire resistance.
You are engulfed in blazing flames.
You block the fire crab's attack.
The fire crab claws you but does no damage.
You continue putting on your +1 plate armour of fire resistance.
You are engulfed in blazing flames.
* * * LOW HITPOINT WARNING * * *
You block the fire crab's attack.
The fire crab claws you but does no damage.
You continue putting on your +1 plate armour of fire resistance.
You are engulfed in blazing flames.
You die...

#... ##.. # ### . .##. #.
#. #...# #. ##.. ###.....
## ....# ##....... #
....°# #.#...## #
.t°°°°##@..#..# ..## ##
...⌠.○°##t..# #....##..
.........#..#####..#.#...
###......##.##.# ........
#t#..⌠...##.###........
...........#.⌠.##(......
...........#.....#.......
..⌠..⌠.>.⌠.+..<.⌠[.....#.
...........#.....#.......


You could see a fire crab.

Vanquished Creatures
  Josephine (Lair:4)
  3 hydras
  Sonja (Lair:1)
  3 elephants (Lair:4)
  Joseph (D:8)
  4 black mambas
  6 spiny frogs
  A rime drake (Lair:4)
  9 komodo dragons
  A queen bee (D:8)
  3 hippogriffs
  Sigmund (D:4)
  2 wyverns
  15 yaks
  8 wraiths
  Grum (Lair:1)
  A basilisk (Lair:2)
  4 nagas (Lair:3)
  2 orc warriors (D:6)
  3 water moccasins
  5 porcupines
  4 ogres
  36 wolves
  6 crocodiles
  2 big kobolds
  13 bullfrogs
  An elf zombie (D:7)
  A water moccasin zombie (D:6)
  2 scorpions
  14 killer bees (D:8)
  5 wights (D:7)
  5 electric eels (Lair:1)
  A howler monkey (D:5)
  2 crimson imps
  A bullfrog zombie (D:8)
  A jelly (D:6)
  A lava snake (Lair:1)
  5 hounds
  A centaur skeleton (D:7)
  3 human zombies (D:7)
  2 orc priests
  2 human skeletons (D:7)
  7 iguanas
  9 orc wizards
  7 worker ants
  3 hound skeletons
  2 mummies (D:7)
  A howler monkey zombie (D:7)
  Robin (D:3)
  A howler monkey skeleton (D:6)
  3 gnolls (D:3)
  9 adders
  4 river rats
  A shadow imp (D:5)
  3 oozes
  2 adder skeletons
  A worm (D:2)
  A dart slug (D:1)
  7 leopard geckos
  27 orcs
  6 giant cockroaches
  19 goblins
  12 hobgoblins
  2 jackals (D:4)
  21 kobolds
  A quokka (D:6)
  7 ball pythons
  6 bats
  4 frilled lizards
  A leopard gecko skeleton (D:4)
  A leopard gecko zombie (D:7)
  A quokka skeleton (D:6)
  27 rats
  3 fungi
  3 plants
386 creatures vanquished.

Vanquished Creatures (others)
  A hobgoblin (D:2)
  2 fungi (Lair:3)
  2 plants
5 creatures vanquished.

Grand Total: 391 creatures vanquished

Notes
Turn   | Place    | Note
-------+----------+-------------------------------------------
     0 | D:1      | Kairos the Vine Stalker Fighter began the quest for the
                  | Orb.
     0 | D:1      | Reached XP level 1. HP: 11/11 MP: 2/2
    64 | D:1      | Reached XP level 2. HP: 13/16 MP: 3/3
   615 | D:2      | Reached XP level 3. HP: 19/19 MP: 4/4
   665 | D:2      | Reached skill level 2 in Axes
   902 | D:2      | Found a snail-covered altar of Cheibriados.
   999 | D:2      | Found a shadowy altar of Dithmenos.
  1071 | D:2      | Found a radiant altar of Vehumet.
  1096 | D:2      | Gained mutation: Your natural rate of healing is unusually
                  | fast. [Vine Stalker growth]
  1096 | D:2      | Reached XP level 4. HP: 19/23 MP: 5/5
  1387 | D:3      | Noticed Robin
  1701 | D:3      | Found a hide-covered altar of Uskayaw.
  1747 | D:3      | Reached skill level 3 in Axes
  1815 | D:3      | Reached XP level 5. HP: 16/28 MP: 6/6
  1854 | D:3      | Found a glowing drain.
  1863 | Sewer    | Entered a sewer
  1977 | Sewer    | Reached skill level 1 in Dodging
  2047 | Sewer    | Reached XP level 6. HP: 29/32 MP: 7/7
  2199 | Sewer    | Reached skill level 4 in Axes
  2380 | D:3      | Killed Robin
  2509 | D:3      | Found a faded altar of an unknown god.
  3129 | D:4      | Reached XP level 7. HP: 25/36 MP: 5/8
  3350 | D:4      | Noticed Sigmund
  3362 | D:4      | Killed Sigmund
  3362 | D:4      | Reached skill level 5 in Axes
  4135 | D:5      | Entered Level 5 of the Dungeon
  4141 | D:5      | Gained mutation: You have razor-sharp teeth. [Vine Stalker
                  | growth]
  4141 | D:5      | Reached XP level 8. HP: 42/42 MP: 9/9
  4156 | D:5      | Found an ornate altar of the Wu Jian Council.
  4192 | D:5      | Found Zin's Purification Station.
  4193 | D:5      | Found a glowing silver altar of Zin.
  4570 | D:5      | Found a deep blue altar of Sif Muna.
  4678 | D:5      | Found a glowing golden altar of the Shining One.
  4732 | D:6      | Found a staircase to the Ecumenical Temple.
  4738 | Temple   | Entered the Ecumenical Temple
  4747 | Temple   | Became a worshipper of Warmaster Okawaru
  4854 | D:6      | Reached skill level 6 in Axes
  4854 | D:6      | Reached skill level 1 in Stealth
  5114 | D:6      | Reached skill level 5 in Shields
  5130 | D:6      | Reached * piety under Okawaru
  5688 | D:7      | Reached skill level 7 in Axes
  5726 | D:7      | Reached XP level 9. HP: 43/45 MP: 10/10
  5752 | D:7      | Reached skill level 1 in Maces & Flails
  5834 | D:7      | Reached ** piety under Okawaru
  5845 | D:7      | Found an ancient bone altar of Kikubaaqudgha.
  5867 | D:7      | Reached skill level 5 in Armour
  6185 | D:7      | Reached *** piety under Okawaru
  6185 | D:7      | Reached skill level 5 in Fighting
  6290 | D:8      | Found a burning altar of Makhleb.
  6399 | D:8      | Reached skill level 8 in Axes
  6489 | D:8      | Found a staircase to the Lair.
  6490 | D:8      | Noticed a komodo dragon
  6515 | D:8      | Reached XP level 10. HP: 51/51 MP: 11/11
  6609 | D:8      | Found a white marble altar of Elyvilon.
  6802 | D:8      | Reached **** piety under Okawaru
  6827 | D:8      | Found a hazy altar of Hepliaklqana.
  6864 | D:8      | Noticed Joseph
  6947 | D:8      | Killed Joseph
  6970 | D:8      | Reached skill level 9 in Axes
  7218 | Lair:1   | Entered Level 1 of the Lair of Beasts
  7307 | Lair:1   | Noticed a black mamba
  7320 | Lair:1   | Killed a black mamba
  7537 | Lair:1   | Noticed Sonja
  7550 | Lair:1   | Received a gift from Okawaru
  7554 | Lair:1   | Reached XP level 11. HP: 16/56 MP: 12/12
  7557 | Lair:1   | Killed Sonja
  7557 | Lair:1   | Reached ***** piety under Okawaru
  7572 | Lair:1   | Reached skill level 10 in Axes
  8001 | Lair:1   | Noticed Grum
  8018 | Lair:1   | Killed Grum
  8064 | Lair:1   | Noticed a seven-headed hydra
  8076 | Lair:1   | Killed a seven-headed hydra
  8076 | Lair:1   | Reached skill level 1 in Invocations
  8298 | Lair:1   | Received a gift from Okawaru
  8848 | Lair:2   | Received a gift from Okawaru
  8881 | Lair:2   | Reached skill level 11 in Axes
  8885 | Lair:2   | Gained mutation: You heal very quickly. [Vine Stalker
                  | growth]
  8885 | Lair:2   | Reached XP level 12. HP: 19/63 MP: 11/13
  9433 | Lair:2   | Noticed a four-headed hydra
  9448 | Lair:2   | Killed a five-headed hydra
 10245 | Lair:3   | Received a gift from Okawaru
 10351 | Lair:3   | Found a staircase to the Snake Pit.
 10471 | Lair:3   | Noticed a five-headed hydra
 10477 | Lair:3   | Killed a five-headed hydra
 11279 | Lair:4   | Found a staircase to the Swamp.
 11581 | Lair:4   | Noticed Josephine
 11614 | Lair:4   | Killed Josephine
 11806 | Lair:4   | Reached XP level 13. HP: 68/68 MP: 15/15
 11811 | Lair:4   | Reached skill level 12 in Axes
 12440 | Lair:5   | Engulfed by a fire crab's flame

Skill      XL: |  1  2  3  4  5  6  7  8  9 10 11 12 13 |
---------------+----------------------------------------+-----
Shields        | 3 4 5 6 8 9 |  9.5
Axes           | 2 3 4 5 7 8 9 11 12 | 12.1
Armour         | 3 4 5 6 7 |  7.7
Fighting       | 3 4 5 6 7 8 |  8.3
Dodging        | 1 2 3 |  3.4
Stealth        | 1 |  1.5
Maces & Flails | 3 4 |  4.7
Invocations    | 1 |  1.7
Evocations     | |  0.9

Action                   |  1- 3 |  4- 6 |  7- 9 | 10-12 | 13-15 || total
-------------------------+-------+-------+-------+-------+-------++-------
Melee: War axe           |    71 |   188 |   192 |   435 |    40 ||   926
       Bite              |    17 |    48 |   140 |   249 |    15 ||   469
       Whip              |       |       |   101 |    14 |       ||   115
       Hand axe          |       |       |   116 |   170 |       ||   286
       Morningstar       |       |       |       |    42 |       ||    42
Invok: Heroism           |       |       |       |    24 |       ||    24
Evoke: Wand              |       |       |       |     3 |       ||     3
  Use: Scroll            |     5 |     1 |     3 |    11 |       ||    20
       Potion            |       |       |       |     3 |       ||     3
  Eat: Chunk             |       |     7 |     6 |     6 |     2 ||    21
       Ration            |       |       |     2 |     3 |       ||     5
Armor: Scale mail        |    30 |    65 |    34 |       |       ||   129
       Plate armour      |       |       |    29 |    14 |       ||    43
       Chain mail        |       |       |    65 |   199 |    11 ||   275
       Skin              |       |       |       |       |     2 ||     2
Dodge: Dodged            |    32 |    87 |   120 |   290 |    11 ||   540
Block: Shield            |    29 |   115 |   169 |   419 |    28 ||   760
